ORI
UNIVERSITY OF GEORGIA BULLDOGS @ UNIVERSITY OF MIAMI HURRICANES
08/10/2047
 
TOP OF THE 1ST
University of Georgia Bulldogs batting - Pitching for University of Miami Hurricanes : RHP Javier Valverde
Pitching: RHP Javier Valverde
Batting: LHB Casey Bass 0-0: Ball
1-0: Ball
2-0: Ground out 4-3 (Groundball, 4, EV 80.0 MPH)
Batting: LHB Luis Mejia 0-0: Ball
1-0: Ball
2-0: Foul Ball, location: 2F
2-1: Called Strike
2-2: Fly out, F7 (Flyball, 78D, EV 93.1 MPH)
Batting: RHB Charlie Davison 0-0: SINGLE (Groundball, P, EV 87.5 MPH) (infield hit)
Batting: RHB Murilo Cunha 0-0: Ball
1-0: Called Strike
1-1: Ground out 4-3 (Groundball, 34S, EV 86.2 MPH)
Top of the 1st over - 0 runs, 1 hit, 0 errors, 1 left on base; University of Georgia 0 - University of Miami 0
BOTTOM OF THE 1ST
University of Miami Hurricanes batting - Pitching for University of Georgia Bulldogs : LHP Allan Bodkin
Pitching: LHP Allan Bodkin
Batting: LHB Juan Zuniga 0-0: Swinging Strike
0-1: Bunt - Flyout to 13S! F1
Batting: LHB Hector Salazar 0-0: Ball
1-0: Called Strike
1-1: Ground out 4-3 (Groundball, 4S, EV 88.1 MPH)
Batting: RHB Burke Miller 0-0: Called Strike
0-1: Called Strike
0-2: Ball
1-2: Strikes out swinging
Bottom of the 1st over - 0 runs, 0 hits, 0 errors, 0 left on base; University of Georgia 0 - University of Miami 0
TOP OF THE 2ND
University of Georgia Bulldogs batting - Pitching for University of Miami Hurricanes : RHP Javier Valverde
Batting: RHB Rodolfo Solis 0-0: Ball
1-0: Called Strike
1-1: Called Strike
1-2: DOUBLE (Line Drive, 78M, EV 101.2 MPH)
Batting: RHB James Warby 0-0: Ball
1-0: Ball
2-0: Called Strike
2-1: Foul Ball, location: 2F
2-2: Ball
3-2: Ground out 4-3 (Groundball, 4M, EV 83.8 MPH)
Rodolfo Solis to third
Batting: LHB Cole Sanchez 0-0: Foul Ball, location: 2F
0-1: Fly out, F4 (Line Drive, 4MD, EV 71.2 MPH)
Batting: RHB Justin Szymczyk 0-0: Ball
1-0: Ground out 6-3 (Groundball, 6, EV 90.6 MPH)
Top of the 2nd over - 0 runs, 1 hit, 0 errors, 1 left on base; University of Georgia 0 - University of Miami 0
BOTTOM OF THE 2ND
University of Miami Hurricanes batting - Pitching for University of Georgia Bulldogs : LHP Allan Bodkin
Batting: RHB Chris Zubia 0-0: Ball
1-0: Foul Ball, location: 2F
1-1: Swinging Strike
1-2: Ball
2-2: Ball
3-2: Strikes out looking
Batting: RHB Drew Morgenstern 0-0: Ball
1-0: Called Strike
1-1: DOUBLE (Groundball, 3L, EV 106.9 MPH)
Batting: LHB Dennis Jones 0-0: Called Strike
0-1: Swinging Strike
0-2: SINGLE (Groundball, 34D, EV 94.4 MPH)
Drew Morgenstern to third
Batting: LHB Brian Woods 0-0: Ball
1-0: Ground out 4-3 (Groundball, 34S, EV 78.8 MPH)
Drew Morgenstern scores
Dennis Jones to second
Batting: RHB Danny Gallardo 0-0: Foul Ball, location: 2F
0-1: Foul Ball, location: 2F
0-2: Strikes out swinging
Bottom of the 2nd over - 1 run, 2 hits, 0 errors, 1 left on base; University of Georgia 0 - University of Miami 1
TOP OF THE 3RD
University of Georgia Bulldogs batting - Pitching for University of Miami Hurricanes : RHP Javier Valverde
Batting: RHB Josh Cavaleri 0-0: Ground out 4-3 (Groundball, 4S, EV 82.5 MPH)
Batting: LHB Casey Bass 0-0: Swinging Strike
0-1: SINGLE (Line Drive, 9LS, EV 97.5 MPH)
Batting: LHB Luis Mejia 0-0: Ball
1-0: Foul Ball, location: 2F
1-1: Ball
2-1: Fly out, F8 (Flyball, 8LD, EV 98.8 MPH)
Batting: RHB Charlie Davison 0-0: Ball
1-0: Called Strike
1-1: Ball
2-1: Ground out 4-3 (Groundball, 4, EV 85.6 MPH)
Top of the 3rd over - 0 runs, 1 hit, 0 errors, 1 left on base; University of Georgia 0 - University of Miami 1
BOTTOM OF THE 3RD
University of Miami Hurricanes batting - Pitching for University of Georgia Bulldogs : LHP Allan Bodkin
Batting: RHB Danny Diaz 0-0: Ball
1-0: Called Strike
1-1: Foul Ball, location: 2F
1-2: Strikes out looking
Batting: LHB Juan Zuniga 0-0: Called Strike
0-1: Bunt missed!
0-2: Strikes out swinging
Batting: LHB Hector Salazar 0-0: Ball
1-0: Ball
2-0: Foul Ball, location: 2F
2-1: Called Strike
2-2: Foul Ball, location: 7LSF, Error on foul ball, E7
2-2: Ball
3-2: Ground out 4-3 (Groundball, 4, EV 90.6 MPH)
Bottom of the 3rd over - 0 runs, 0 hits, 1 error, 0 left on base; University of Georgia 0 - University of Miami 1
TOP OF THE 4TH
University of Georgia Bulldogs batting - Pitching for University of Miami Hurricanes : RHP Javier Valverde
Batting: RHB Murilo Cunha 0-0: Ball
1-0: Swinging Strike
1-1: Foul Ball, location: 2F
1-2: Ground out 6-3 (Groundball, 6, EV 96.9 MPH)
Batting: RHB Rodolfo Solis 0-0: Called Strike
0-1: Foul Ball, location: 2F
0-2: Ball
1-2: Strikes out swinging
Batting: RHB James Warby 0-0: Foul Ball, location: 2F
0-1: Ball
1-1: Called Strike
1-2: Strikes out swinging
Top of the 4th over - 0 runs, 0 hits, 0 errors, 0 left on base; University of Georgia 0 - University of Miami 1
BOTTOM OF THE 4TH
University of Miami Hurricanes batting - Pitching for University of Georgia Bulldogs : LHP Allan Bodkin
Batting: RHB Burke Miller 0-0: Foul Ball, location: 2F
0-1: Ground out 6-3 (Groundball, 6, EV 84.4 MPH)
Batting: RHB Chris Zubia 0-0: Fly out, F8 (Flyball, 8LM, EV 86.9 MPH)
Batting: RHB Drew Morgenstern 0-0: Called Strike
0-1: Called Strike
0-2: Ball
1-2: Foul Ball, location: 2F
1-2: Foul Ball, location: 2F
1-2: Strikes out swinging
Bottom of the 4th over - 0 runs, 0 hits, 0 errors, 0 left on base; University of Georgia 0 - University of Miami 1
TOP OF THE 5TH
University of Georgia Bulldogs batting - Pitching for University of Miami Hurricanes : RHP Javier Valverde
Now in LF: Jonathan Gardner
Batting: LHB Cole Sanchez 0-0: Fly out, F9 (Flyball, 9S, EV 73.1 MPH)
Batting: RHB Justin Szymczyk 0-0: Ball
1-0: Called Strike
1-1: Called Strike
1-2: Foul Ball, location: 2F
1-2: Foul Ball, location: 2F
1-2: Ground out 6-3 (Groundball, 6, EV 85.6 MPH)
Batting: RHB Josh Cavaleri 0-0: Ball
1-0: Ball
2-0: Ball
3-0: Called Strike
3-1: Base on Balls
Pinch Hitting: LHB Sloan Rayner 0-0: Called Strike
0-1: Foul Ball, location: 2F
0-2: Ball
1-2: Ball
2-2: Ball
3-2: Fly out, F8 (Flyball, 8RD, EV 80.0 MPH)
Top of the 5th over - 0 runs, 0 hits, 0 errors, 1 left on base; University of Georgia 0 - University of Miami 1
BOTTOM OF THE 5TH
University of Miami Hurricanes batting - Pitching for University of Georgia Bulldogs : LHP Allan Bodkin
Now at 1B: Sloan Rayner
Now at 2B: Albert Rodriguez
Batting: LHB Dennis Jones 0-0: Ball
1-0: Ball
2-0: Ball
3-0: Called Strike
3-1: Base on Balls
Batting: LHB Brian Woods 0-0: Fly out, F7 (Flyball, 78D, EV 94.4 MPH)
Batting: RHB Danny Gallardo 0-0: Ball
1-0: Called Strike
1-1: Called Strike
1-2: Ball
2-2: Ball
3-2: Foul Ball, location: 2F
3-2: Foul Ball, location: 2F
3-2: Fielders Choice at 2nd, 1-4 (Groundball, P, EV 68.1 MPH)
Batting: RHB Danny Diaz 0-0: Called Strike
0-1: Ball
1-1: Ball
Danny Gallardo is caught stealing 2nd base 2-4
Bottom of the 5th over - 0 runs, 0 hits, 0 errors, 0 left on base; University of Georgia 0 - University of Miami 1
TOP OF THE 6TH
University of Georgia Bulldogs batting - Pitching for University of Miami Hurricanes : RHP Javier Valverde
Pitching: RHP Kevin Marthaler
Now at C: Edward Purkis
Now at 1B: Alastair Cummings
Now at SS: Tu Vo
Pinch Hitting: RHB Jeff Wornick 0-0: SINGLE (Flyball, 89S, EV 91.2 MPH)
Pinch Hitting: LHB Bryan Ross Pickoff Throw to First - Out! 1-3 CS
0-0: Ball
1-0: DOUBLE (Line Drive, 78XD, EV 104.4 MPH)
Pinch Hitting: LHB Edwin Zavala 0-0: Ball
1-0: Swinging Strike
1-1: Ball
2-1: Ball
3-1: Called Strike
3-2: SINGLE (Line Drive, 7S, EV 108.8 MPH)
Bryan Ross to third
Runner from 3rd tries for Home, throw by LF and OUT! 7-2
Batting: RHB Rodolfo Solis 0-0: Called Strike
Edwin Zavala steals 2nd base
0-1: Ball
1-1: Fly out, F7 (Line Drive, 7S, EV 105.6 MPH)
Top of the 6th over - 0 runs, 3 hits, 0 errors, 1 left on base; University of Georgia 0 - University of Miami 1
BOTTOM OF THE 6TH
University of Miami Hurricanes batting - Pitching for University of Georgia Bulldogs : LHP Allan Bodkin
Pitching: RHP Pacu Panic
Now at 3B: Jeff Wornick
Now in CF: Edwin Zavala
Now in RF: Bryan Ross
Batting: RHB Danny Diaz 0-0: Ground out 5-3 (Groundball, 56S, EV 81.9 MPH)
Pinch Hitting: RHB Mark Kerr 0-0: Ball
1-0: Ball
2-0: Ground out 5-3 (Groundball, 25, EV 83.8 MPH)
Pinch Hitting: LHB Jose Lopez 0-0: Ball
1-0: Ball
2-0: Ball
3-0: Base on Balls
Batting: RHB Jonathan Gardner 0-0: Called Strike
0-1: Called Strike
0-2: Foul Ball, location: 2F
0-2: Foul Ball, location: 2F
0-2: Ground out 4-3 (Groundball, 4, EV 96.2 MPH)
Bottom of the 6th over - 0 runs, 0 hits, 0 errors, 1 left on base; University of Georgia 0 - University of Miami 1
TOP OF THE 7TH
University of Georgia Bulldogs batting - Pitching for University of Miami Hurricanes : RHP Kevin Marthaler
Now in CF: Harry Labelle
Now in RF: Jaquan Dumas
Batting: RHB James Warby 0-0: Ball
1-0: Foul Ball, location: 2F
1-1: Foul Ball, location: 2F
1-2: Fly out, F7 (Flyball, 7, EV 90.6 MPH)
Pitching: LHP Ryan Hosken
Batting: RHB Ed Howard 0-0: Called Strike
0-1: Ball
1-1: Foul Ball, location: 2F
1-2: Strikes out swinging
Batting: RHB Albert Rodriguez 0-0: Ball
1-0: Foul Ball, location: 2F
1-1: SINGLE (Groundball, 56S, EV 65.6 MPH) (infield hit)
Pinch Hitting: LHB Dennis Klein 0-0: Ball
Albert Rodriguez is caught stealing 2nd base 2-6
Top of the 7th over - 0 runs, 1 hit, 0 errors, 0 left on base; University of Georgia 0 - University of Miami 1
BOTTOM OF THE 7TH
University of Miami Hurricanes batting - Pitching for University of Georgia Bulldogs : RHP Pacu Panic
Pitching: RHP Chris Roddy
Now in LF: Dennis Klein
Batting: RHB Edward Purkis 0-0: Ball
1-0: Ball
2-0: Called Strike
2-1: Ball
3-1: Fly out, F3 (Popup, 23F, EV 88.1 MPH)
Pinch Hitting: SHB Taylor Shelton 0-0: Foul Ball, location: 2F
0-1: Ground out 4-3 (Groundball, 4, EV 95.6 MPH)
Batting: RHB Tu Vo 0-0: Foul Ball, location: 2F
0-1: Ball
1-1: Ground out 5-3 (Groundball, 56, EV 88.1 MPH)
Bottom of the 7th over - 0 runs, 0 hits, 0 errors, 0 left on base; University of Georgia 0 - University of Miami 1
TOP OF THE 8TH
University of Georgia Bulldogs batting - Pitching for University of Miami Hurricanes : LHP Ryan Hosken
Pitching: RHP Brandon Papa
Now at 2B: C.J. Fleet
Batting: LHB Dennis Klein 0-0: SINGLE (Flyball, 78S, EV 90.6 MPH)
Batting: LHB Sloan Rayner 0-0: Bunted foul
0-1: Bunt missed!
0-2: Ball
1-2: Ball
Wild Pitch!
Dennis Klein to second
2-2: Foul Ball, location: 2F
2-2: Ball
3-2: Base on Balls
Batting: RHB Jeff Wornick 0-0: Bunted foul
0-1: Bunt missed!
0-2: Ball
1-2: Foul Ball, location: 2F
1-2: Ground out 5-3 (Groundball, 5, EV 90.6 MPH)
Dennis Klein to third
Sloan Rayner to second
Batting: LHB Bryan Ross 0-0: Called Strike
0-1: Ball
1-1: Ball
2-1: Ball
3-1: Foul Ball, location: 2F
3-2: Base on Balls
Pinch Hitting: LHB Andy Dyer 0-0: Ball
1-0: Fly out, F8 (Flyball, 8RD, EV 83.1 MPH)
Runner from 3rd tags up, SCORES, throw by CF
Sloan Rayner to third
Pinch Hitting: SHB Hairama Seiuli 0-0: Called Strike
0-1: Swinging Strike
0-2: Ball
1-2: Ball
Passed Ball!
Sloan Rayner scores
Bryan Ross to second
2-2: Foul Ball, location: 2F
2-2: Ball
3-2: DOUBLE (Flyball, 78D, EV 88.8 MPH)
Bryan Ross scores
Pitching: RHP Kieran Jesso
Batting: RHB James Warby 0-0: Ball
1-0: Foul Ball, location: 2F
1-1: Called Strike
1-2: Strikes out swinging
Top of the 8th over - 3 runs, 2 hits, 0 errors, 1 left on base; University of Georgia 3 - University of Miami 1
BOTTOM OF THE 8TH
University of Miami Hurricanes batting - Pitching for University of Georgia Bulldogs : RHP Chris Roddy
Now at C: Javier Alcorta
Now in CF: Salvatore Jaime
Batting: LHB Addergoole Kartosuwiryo 0-0: Ground out 4-3 (Groundball, 34, EV 87.5 MPH)
Batting: LHB Alastair Cummings 0-0: Ball
1-0: Ball
2-0: Foul Ball, location: 2F
2-1: Ball
3-1: Foul Ball, location: 2F
3-2: Foul Ball, location: 2F
3-2: Base on Balls
Batting: RHB Danny Diaz 0-0: Ball
1-0: Swinging Strike
1-1: Foul Ball, location: 2F
1-2: Ball
2-2: Strikes out swinging
Batting: RHB Harry Labelle 0-0: Foul Ball, location: 2F
0-1: Fielders Choice at 2nd, U4 (Groundball, 4M, EV 101.9 MPH)
Bottom of the 8th over - 0 runs, 0 hits, 0 errors, 1 left on base; University of Georgia 3 - University of Miami 1
TOP OF THE 9TH
University of Georgia Bulldogs batting - Pitching for University of Miami Hurricanes : RHP Kieran Jesso
Pitching: RHP Josh Sundberg
Batting: RHB Ed Howard 0-0: Foul Ball, location: 2F
0-1: Foul Ball, location: 2F
0-2: Ball
1-2: Ground out 5-3 (Groundball, 56, EV 87.5 MPH)
Batting: RHB Albert Rodriguez 0-0: Fly out, F7 (Flyball, 78S, EV 85.6 MPH)
Batting: LHB Dennis Klein 0-0: Ball
1-0: Ball
2-0: Ball
3-0: Called Strike
3-1: Foul Ball, location: 2F
3-2: Fly out, F6 (Popup, 6, EV 58.1 MPH)
Top of the 9th over - 0 runs, 0 hits, 0 errors, 0 left on base; University of Georgia 3 - University of Miami 1
BOTTOM OF THE 9TH
University of Miami Hurricanes batting - Pitching for University of Georgia Bulldogs : RHP Chris Roddy
Pitching: RHP Lev Rozinov
Pinch Hitting: RHB Leonardo Morales 0-0: Ball
1-0: Ground out 1-3 (Groundball, 13S, EV 71.2 MPH)
Pinch Hitting: RHB Luis Sanchez 0-0: Foul Ball, location: 2F
0-1: Ball
1-1: Foul Ball, location: 2F
1-2: Foul Ball, location: 2F
1-2: Foul Ball, location: 2F
1-2: Foul Ball, location: 2F
1-2: Foul Ball, location: 2F
1-2: Ball
2-2: Strikes out swinging
Pinch Hitting: RHB Sam Costello 0-0: Called Strike
0-1: Called Strike
0-2: Ball
1-2: Ball
2-2: Ball
3-2: Foul Ball, location: 2F
3-2: Strikes out swinging
Bottom of the 9th over - 0 runs, 0 hits, 0 errors, 0 left on base; University of Georgia 3 - University of Miami 1
Thursday, December 15th , 2022 - OOTP Baseball 23.9 Build 102